 Dungeon Sprint DCSS version 0.19-a0-1532-g228a5d9 (webtiles) character file.

19267 poirepourri the Ninja (level 12, -7/58 HPs)
             Began as a Spriggan Enchanter on Sept 13, 2016.
             Was the Champion of Dithmenos.
             Mangled by a spriggan defender
             ... wielding a +0 demon whip of draining
              (28 damage)
             ... in the Dungeon (Sprint IV: "Fedhas' Mad Dash").
             The game lasted 00:12:31 (4078 turns).

poirepourri the Ninja (Spriggan Enchanter)          Turns: 4078, Time: 00:12:32

Health: -7/58      AC:  3    Str:  4    XL:     12   Next: 35%
Magic:  28/32      EV: 29    Int: 17    God:    Dithmenos [******]
Gold:   290        SH:  0    Dex: 21    Spells: 5 memorised, 29 levels left

rFire  + . .     SeeInvis +     l - +0 rapier
rCold  . . .     Gourm    .     b - +1 robe
rNeg   . . .     Faith    .     (shield restricted)
rPois  .         Spirit   .     (helmet restricted)
rElec  .         Dismiss  +     (no cloak)
rCorr  .         Reflect  .     (gloves unavailable)
MR     ++...     Harm     .     (boots unavailable)
Stlth  ++++++++++ NoTele   +    i - amulet of dismissal
                                p - ring of see invisible
                                o - ring of protection from fire

@: wreathed by umbra, drained, very quick
A: unfitting armour, see invisible, herbivore 3, speed 3, slow metabolism 2
a: Shadow Step, Shadow Form, Renounce Religion


You were in the Dungeon.
You worshipped Dithmenos.
Dithmenos was exalted by your worship.
You were not hungry.

You visited 1 branch You collected 482 gold pieces.
You spent 192 gold pieces at shops.

Inventory:

Hand Weapons
 a - a +1 dagger
 l - a +0 rapier (weapon)
Armour
 b - a +1 robe (worn)
 m - a +0 buckler
Jewellery
 d - the amulet of Kofiug {Gourm Dex+6, unknown}
   (You found it in the Dungeon)

   [amulet of the gourmand]

   It allows you to eat raw meat even when not hungry.
   It affects your dexterity (+6).
 h - an uncursed ring of ice {unknown}
 i - an amulet of dismissal (around neck)
 k - the amulet of invisibility {+Inv}
   (You found it in the Dungeon)

   [amulet of nothing]

   It lets you turn invisible.
 o - a ring of protection from fire (left hand)
 p - a ring of see invisible (right hand)
 u - an uncursed amulet of faith {unknown}
Scrolls
 q - a scroll of remove curse
Potions
 e - a potion of curing
 n - a potion of brilliance {unknown}
Books
 c - a book of Maledictions

   Spells                             Type                      Level
   a - Corona                         Hexes                        1
   b - Ensorcelled Hibernation        Hexes/Ice                    2
   c - Confuse                        Hexes                        3
   d - Tukima's Dance                 Hexes                        3
   e - Dazzling Spray                 Conjuration/Hexes            3
 t - Sif Muna's Grimoire of Changing and the Snowflakes
   (You found it in the Dungeon)

   Spells                             Type                      Level
   a - Freeze                         Ice                          1
   b - Passwall                       Transmutation/Earth          2
   c - Throw Icicle                   Conjuration/Ice              4
   d - Petrify                        Transmutation/Earth          4
Miscellaneous
 s - a crystal ball of energy
Comestibles
 r - 9 royal jellies


   Skills:
 + Level 3.6(3.1) Fighting
 + Level 13.7(13.0) Short Blades
 + Level 11.6(11.0) Dodging
 O Level 27(26.1) Stealth
 + Level 15.0(14.3) Spellcasting
 + Level 3.2(2.7) Conjurations
 + Level 15.9(15.2) Hexes
 + Level 4.7(4.2) Invocations


You had 29 spell levels left.
You knew the following spells:

 Your Spells              Type           Power        Failure   Level  Hunger
a - Corona                Hex            ######.      0%          1    None
b - Ensorcelled Hibernat  Hex/Ice        #####.       1%          2    None
c - Confuse               Hex            ######..     1%          3    None
d - Tukima's Dance        Hex            ######..     1%          3    None
e - Dazzling Spray        Conj/Hex       #####.       1%          3    None


Dungeon Overview and Level Annotations

Branches:
Dungeon (1/1)

Altars:
Cheibriados
Dithmenos
Elyvilon
Gozag
Hepliaklqana
Kikubaaqudgha
Makhleb
Nemelex Xobeh
Okawaru
Qazlal
Ru
Sif Muna
Trog
Uskayaw
Vehumet
Xom
Yredelemnul
Zin
The Shining One
Beogh
Jiyva
Lugonu

Shops:
D ?((:[%*[[*=:=*=*([*:[


Innate Abilities, Weirdness & Mutations

You are tiny and cannot use many weapons and most armour.
You have supernaturally acute eyesight. (SInv)
You are a herbivore.
You cover ground extremely quickly.
You need consume almost no food.


Message History

A spriggan druid comes into view. It is wielding a quarterstaff.
The spriggan defender shouts! x2; The spriggan druid shouts!
Casting: Dazzling Spray
Confirm with . or Enter, or press ? or * to list all spells.
Aiming: Dazzling Spray
Press: ? - help, Shift-Dir - straight line, f - spriggan defender
Aim: a spriggan defender, wielding a demon whip of draining, wearing a robe and wearing a buckler (umbra)
The spriggan defender blocks the spray of energy.
Your shadow mimicks your spell!
The shadow shard hits the spriggan defender.
The spriggan defender hits you with a demon whip of draining!!
You emit a cloud of dark smoke.
You feel drained.
Casting: Dazzling Spray
Confirm with . or Enter, or press ? or * to list all spells.
Aiming: Ensorcelled Hibernation
Press: ? - help, Shift-Dir - straight line, f/p - spriggan defender
Aim: a spriggan defender, wielding a demon whip of draining, wearing a robe and wearing a buckler (moderately wounded, umbra, chance to defeat MR: 0%)
The spriggan defender resists with almost no effort.
The spriggan defender hits you with a demon whip of draining!!
You die...

##...P.)'†#
'......[###
############
...........#########
...........'.......#
...........#######.#
##################.#
,*,,*..♣..♣§§♣§.♣..#
,,,,,...i.§§§§§i@..#
,*,,*..♣..♣i§♣§§♣..#
*******#**##########
,,,******,,,,,,****
,,,,,,,,,,,,,,,,,,**
,,,,,,,,,*******,,,*
,,,,,,,,,,,,,,,,,,**
,,,******,,,,,,****
**** ********


You could see a spriggan defender.

Vanquished Creatures
  Agnes (D)
  A ghost moth (D)
  A spriggan defender (D)
  2 spriggan berserkers (D)
  A spriggan druid (D)
  23 oklob plants (D)
  3 demonic crawlers (D)
  3 wandering mushrooms (D)
  3 burning bushes (D)
  A queen bee (D)
  6 wasps (D)
  2 scorpions (D)
  4 killer bees (D)
  5 oklob saplings (D)
  2 worker ants (D)
  8 spriggans (D)
  A river rat (D)
  A rat (D)
  A ballistomycete (D)
  2 giant spores (D)
71 creatures vanquished.

Notes
Turn   | Place    | Note
-------+----------+-------------------------------------------
     0 | D        | poirepourri the Spriggan Enchanter began the quest for the Orb.
     0 | D        | Reached XP level 1. HP: 9/9 MP: 5/5
    10 | D        | Reached skill level 7 in Stealth
    10 | D        | Reached XP level 2. HP: 13/13 MP: 4/6
    20 | D        | Learned a level 2 spell: Ensorcelled Hibernation
    56 | D        | Noticed an oklob sapling
    58 | D        | Killed an oklob sapling
    58 | D        | Reached skill level 5 in Dodging
    58 | D        | Reached skill level 9 in Stealth
    58 | D        | Reached XP level 3. HP: 16/16 MP: 8/8
    88 | D        | Learned a level 3 spell: Confuse
    92 | D        | Learned a level 3 spell: Tukima's Dance
   115 | D        | Noticed an oklob sapling
   118 | D        | Killed an oklob sapling
   118 | D        | Reached skill level 10 in Stealth
   118 | D        | Reached skill level 5 in Hexes
   118 | D        | Reached XP level 4. HP: 21/21 MP: 11/11
   131 | D        | Found an opulent altar of Gozag.
   131 | D        | Found a hazy altar of Hepliaklqana.
   131 | D        | Found a burning altar of Makhleb.
   131 | D        | Found a roughly hewn altar of Beogh.
   131 | D        | Found a sparkling altar of Nemelex Xobeh.
   131 | D        | Found a snail-covered altar of Cheibriados.
   131 | D        | Found a sacrificial altar of Ru.
   131 | D        | Found a deep blue altar of Sif Muna.
   131 | D        | Found a shimmering altar of Xom.
   131 | D        | Found a basalt altar of Yredelemnul.
   132 | D        | Found a viscous altar of Jiyva.
   132 | D        | Found a bloodstained altar of Trog.
   133 | D        | Found an iron altar of Okawaru.
   133 | D        | Found a shadowy altar of Dithmenos.
   133 | D        | Found a glowing silver altar of Zin.
   134 | D        | Found an ancient bone altar of Kikubaaqudgha.
   134 | D        | Found a hide-covered altar of Uskayaw.
   135 | D        | Found a stormy altar of Qazlal.
   135 | D        | Found a white marble altar of Elyvilon.
   135 | D        | Found a glowing golden altar of the Shining One.
   136 | D        | Found a corrupted altar of Lugonu.
   136 | D        | Found a radiant altar of Vehumet.
   139 | D        | Reached skill level 11 in Stealth
   143 | D        | Became a worshipper of Dithmenos the Shadowed
   158 | D        | Reached skill level 5 in Spellcasting
   158 | D        | Reached XP level 5. HP: 24/24 MP: 8/13
   199 | D        | Learned a level 3 spell: Dazzling Spray
   312 | D        | Reached skill level 12 in Stealth
   313 | D        | Reached * piety under Dithmenos
   315 | D        | Reached skill level 13 in Stealth
   329 | D        | Found Maisoz's Jewellery Shop.
   329 | D        | Found Zutef's Assorted Antiques.
   338 | D        | Noticed a burning bush
   338 | D        | Noticed a wandering mushroom
   339 | D        | Noticed a wandering mushroom
   359 | D        | Reached XP level 6. HP: 28/28 MP: 13/16
   400 | D        | Killed a wandering mushroom
   400 | D        | Reached ** piety under Dithmenos
   400 | D        | Reached skill level 15 in Stealth
   400 | D        | Reached XP level 7. HP: 17/32 MP: 15/18
   411 | D        | Killed a wandering mushroom
   411 | D        | Reached skill level 1 in Fighting
   411 | D        | Reached skill level 5 in Short Blades
   411 | D        | Reached skill level 16 in Stealth
   411 | D        | Reached skill level 10 in Hexes
   651 | D        | Killed a burning bush
   651 | D        | Reached skill level 17 in Stealth
   658 | D        | Found Rozxubeidgh's General Store.
   658 | D        | Found Telor's Armour Shoppe.
   666 | D        | Bought a scroll of remove curse for 42 gold pieces
   704 | D        | Noticed a queen bee
   709 | D        | Reached *** piety under Dithmenos
   709 | D        | Reached XP level 8. HP: 37/37 MP: 18/21
   712 | D        | Killed a queen bee
   715 | D        | Reached skill level 18 in Stealth
   718 | D        | Reached **** piety under Dithmenos
   738 | D        | Noticed an oklob plant
   741 | D        | Killed an oklob plant
   741 | D        | Reached skill level 19 in Stealth
   753 | D        | Noticed a burning bush
   757 | D        | Killed a burning bush
   757 | D        | Reached XP level 9. HP: 42/42 MP: 23/23
   866 | D        | Noticed a burning bush
   866 | D        | Noticed an oklob plant
   867 | D        | Noticed a wandering mushroom
   868 | D        | Killed a burning bush
   868 | D        | Reached ***** piety under Dithmenos
   868 | D        | Reached skill level 20 in Stealth
   873 | D        | Killed an oklob plant
   873 | D        | Reached skill level 21 in Stealth
   894 | D        | Killed a wandering mushroom
   894 | D        | Reached skill level 10 in Spellcasting
   977 | D        | Noticed a spriggan druid
   978 | D        | Killed a spriggan druid
   978 | D        | Reached skill level 22 in Stealth
   995 | D        | Noticed an oklob plant conjurer
   997 | D        | Killed an oklob plant conjurer
  1028 | D        | Noticed an oklob plant
  1028 | D        | Noticed an oklob plant summoner
  1306 | D        | Noticed Agnes
  1308 | D        | Found Reopaonae's General Store.
  1308 | D        | Noticed a spriggan berserker
  1310 | D        | Found Vabod's Weapon Shoppe.
  1312 | D        | Killed Agnes
  1312 | D        | Reached skill level 23 in Stealth
  1312 | D        | Reached XP level 10. HP: 46/46 MP: 24/26
  1316 | D        | Killed a spriggan berserker
  1316 | D        | Reached skill level 24 in Stealth
  1322 | D        | Noticed a spriggan defender
  1325 | D        | Killed a spriggan defender
  1325 | D        | Reached skill level 10 in Short Blades
  1327 | D        | Identified Sif Muna's Grimoire of Changing and the Snowflakes
  1335 | D        | Bought a potion of heal wounds for 70 gold pieces
  1345 | D        | Noticed a spriggan rider
  1353 | D        | Killed a spriggan rider
  1353 | D        | Reached skill level 25 in Stealth
  1365 | D        | Noticed a ghost moth
  1366 | D        | Found Abiserch's Weapon Boutique.
  1366 | D        | Found Icoijot's Antique Weapon Emporium.
  1366 | D        | Found Soazimi's Magic Scroll Shoppe.
  1399 | D        | Reached ****** piety under Dithmenos
  1399 | D        | Reached XP level 11. HP: 50/50 MP: 15/28
  1897 | D        | Killed a ghost moth
  2157 | D        | Noticed an oklob plant meteorologist
  2158 | D        | Noticed an oklob plant shifter
  2162 | D        | Killed an oklob plant meteorologist
  2162 | D        | Reached skill level 26 in Stealth
  2162 | D        | Reached skill level 1 in Invocations
  2165 | D        | Killed an oklob plant shifter
  2165 | D        | Reached skill level 1 in Conjurations
  2191 | D        | Noticed a spriggan rider
  2197 | D        | Killed a spriggan rider
  2243 | D        | Noticed an oklob plant summoner
  2244 | D        | Found Zaoqiojo's Book Emporium.
  2245 | D        | Found Atoosilu's Jewellery Shop.
  2246 | D        | Killed an oklob plant summoner
  2259 | D        | Noticed an oklob plant demonologist
  2259 | D        | Noticed an oklob plant annihilator
  2260 | D        | Noticed a spriggan berserker
  2261 | D        | Killed an oklob plant demonologist
  2263 | D        | Killed an oklob plant annihilator
  2263 | D        | Reached skill level 10 in Dodging
  2264 | D        | Killed a spriggan berserker
  2264 | D        | Reached skill level 27 in Stealth
  2299 | D        | Got a faintly glowing lead amulet
  2329 | D        | Found Utiqex's Antique Armour Shoppe.
  2329 | D        | Found Agreac's Food Boutique.
  2329 | D        | Found Aptewao's Book Shop.
  2329 | D        | Found Onaimy's Armour Emporium.
  2329 | D        | Found Qioshresh's General Store.
  2330 | D        | Found Atogge's General Store.
  2330 | D        | Found Xaxas's Jewellery Shop.
  2330 | D        | Found Hacemuam's Antique Armour Boutique.
  2355 | D        | Noticed an oklob plant
  2355 | D        | Noticed an oklob plant
  2355 | D        | Noticed an oklob plant
  2355 | D        | Noticed an oklob plant
  2355 | D        | Noticed an oklob plant
  2355 | D        | Noticed an oklob plant
  2356 | D        | Noticed an oklob plant
  2357 | D        | Killed an oklob plant
  2358 | D        | Noticed an oklob plant
  2359 | D        | Killed an oklob plant
  2360 | D        | Noticed an oklob plant
  2361 | D        | Killed an oklob plant
  2361 | D        | Reached skill level 15 in Hexes
  2362 | D        | Noticed an oklob plant
  2363 | D        | Killed an oklob plant
  2680 | D        | Noticed an oklob plant shifter
  2855 | D        | Killed an oklob plant
  2861 | D        | Killed an oklob plant summoner
  2870 | D        | Killed an oklob plant shifter
  2896 | D        | Noticed a spriggan rider
  2897 | D        | Found Tyan Qio's Book Emporium.
  2900 | D        | Reached XP level 12. HP: 54/54 MP: 31/31
  2901 | D        | Found Ruowo's Armour Shoppe.
  3138 | D        | Reached skill level 15 in Spellcasting
  3658 | D        | Bought a potion of invisibility for 80 gold pieces
  4068 | D        | Noticed a spriggan defender
  4068 | D        | Noticed a spriggan defender
  4078 | D        | Mangled by a spriggan defender

Vault maps used:
D:        dungeon_sprint_fedhas

Skill      XL: |  1  2  3  4  5  6  7  8  9 10 11 12 |
---------------+-------------------------------------+-----
Dodging        | 4 5 6 7 8 11 | 11.6
Stealth        | 7 9 10 11 13 15 17 19 23 25 27 | 27.0
Spellcasting   | 4 5 6 7 8 9 11 12 14 15 | 15.0
Hexes          | 5 7 8 9 10 11 12 13 15 | 15.9
Short Blades   | 2 3 4 6 7 9 10 12 13 | 13.7
Fighting       | 1 2 3 |  3.6
Invocations    | 1 4 |  4.7
Conjurations   | 2 3 |  3.2

Action                   |  1- 3 |  4- 6 |  7- 9 | 10-12 || total
-------------------------+-------+-------+-------+-------++-------
Melee: Dagger            |     6 |     9 |       |       ||    15
       Rapier            |       |    10 |    40 |    99 ||   149
 Cast: Corona            |     1 |       |       |       ||     1
       Ensorcelled Hiber |     2 |     1 |     1 |     3 ||     7
       Confuse           |       |     2 |     8 |     7 ||    17
       Dazzling Spray    |       |       |       |    13 ||    13
Invok: Shadow Step       |       |       |       |     6 ||     6
       Shadow Form       |       |       |       |     2 ||     2
  Use: Potion            |     1 |       |       |     7 ||     8
       Scroll            |       |     1 |       |     3 ||     4
 Stab: Sleeping          |     3 |     5 |    13 |    25 ||    46
       Confused          |       |     3 |     8 |       ||    11
       Invisible         |       |       |       |    22 ||    22
  Eat: Bread ration      |       |       |       |     1 ||     1
Armor: Robe              |       |     1 |       |       ||     1
Dodge: Dodged            |       |     4 |     5 |    36 ||    45
